 Dungeon Crawl Stone Soup version 0.31-a0-986-g5e6e4ef867 (webtiles) character file.

Game seed: 5541627334084386845

31295 Persephone the Warrior (level 13, 0/129 HPs)
             Began as a Merfolk Berserker on Nov 6, 2023.
             Was a High Priest of Trog.
             Slain by a death yak (22 damage)
             ... on level 3 of the Lair of Beasts.
             The game lasted 00:24:41 (15649 turns).

Persephone the Warrior (Merfolk Berserker)         Turns: 15649, Time: 00:24:42

Health: 0/129      AC: 15    Str: 14    XL:     13   Next: 57%
Magic:  13/13      EV: 20    Int:  6    God:    Trog [*****.]
Gold:   829        SH: 12    Dex: 19    Spells: 12/12 levels left

rFire   . . .        p - +0 long sword (venom)
rCold   . . .        F - +0 kite shield
rNeg    . . .        m - +6 scale mail of Disappointment {rElec Str-3 SInv}
rPois   .            f - +0 helmet
rElec   +            s - +1 cloak
rCorr   .            (no gloves)
SInv    +            (no boots)
Will    .....        H - amulet of the acrobat Stlth
                     e - +4 ring of slaying
HPRegen 0.41/turn    A - +5 ring of evasion
MPRegen 0.13/turn

%: acrobat
@: studying Fighting
A: (nimble swimmer 2), mertail
a: Renounce Religion, Berserk, Trog's Hand, Brothers in Arms


You were on level 3 of the Lair of Beasts.
You worshipped Trog.
Trog was extremely pleased with you.
You visited 3 branches of the dungeon, and saw 15 of its levels.

You collected 1495 gold pieces.
You spent 666 gold pieces at shops.

Inventory:

Hand Weapons
 p - a +0 long sword of venom (weapon)
Missiles
 w - 8 boomerangs
Armour
 f - a +0 helmet (worn)
 m - the +6 scale mail of Disappointment (worn) {rElec Str-3 SInv}
   (You bought it in a shop on level 2 of the Orcish Mines)

   Str-3:     It affects your strength (-3).
   rElec:     It insulates you from electricity.
   SInv:      It lets you see invisible.
 s - a +1 cloak (worn)
 B - +0 acid dragon scales
 F - a +0 kite shield (worn)
Jewellery
 e - a +4 ring of slaying (left hand)
 A - a +5 ring of evasion (right hand)
 H - an amulet of the acrobat (around neck)
Wands
 a - a wand of mindburst (4)
 i - a wand of digging (1)
 r - a wand of flame (24)
 z - a wand of iceblast (14)
 I - a wand of charming (13)
Scrolls
 b - a scroll of immolation
 c - 8 scrolls of identify
 g - a scroll of blinking
 j - 2 scrolls of vulnerability
 t - 2 scrolls of poison
 u - a scroll of amnesia
 x - a scroll of enchant armour
 y - 2 scrolls of fear {unknown}
 C - a scroll of teleportation
 D - a scroll of silence
 J - 3 scrolls of revelation
Potions
 d - a potion of brilliance
 h - 2 potions of resistance
 k - 4 potions of mutation
 l - 3 potions of attraction
 n - a potion of enlightenment
 o - 5 potions of lignification
 q - a potion of might
 v - 8 potions of curing
 E - a potion of haste


   Skills:
 + Level 20.8 Fighting
 - Level 14.0 Long Blades
 - Level 1.3 Armour
 + Level 13.3 Dodging
 + Level 10.1 Shields


You had 12 spell levels left.
You didn't know any spells.
Your spell library was empty.

Dungeon Overview and Level Annotations

Branches:
Dungeon (10/15)            Temple (0/1) D:7            Lair (3/5) D:10
 Shoals (0/4) Lair:2          Orc (2/2) D:10            Elf (0/3) Orc:2
  Snake: Lair:2-3    Spider: Lair:2-3

Altars:
Dithmenos
Elyvilon
Hepliaklqana
Qazlal
Ru
Sif Muna
Trog
Vehumet
Wu Jian
Xom
Zin

Shops:
Orc:2 !:[:

Annotations:
D:8 Grum
D:10 1 transporter, justen's ghost, novice TrSh
Lair:2 2 transporters, pigah's ghost, journeyman OpSh
Orc:2 1 runed translucent door, LadyBoffin's ghost, journeyman KoHs


Innate Abilities, Weirdness & Mutations

((You are very nimble when in or above water. (Stealth+, EV+, Speed+++)))
Your lower body shifts to a powerful aquatic tail in water.


Message History

You slash the death yak!
The death yak is severely wounded.
The death yak closely misses you. The elephant closely misses you.
You block the elephant's attack.
The death yak gores you but does no damage.
You block the death yak's attack.
You slash the death yak!
The death yak is almost dead.
You block the death yak's attack. The death yak gores you!
The elephant tramples you!
You hold your ground!
The elephant trunk-slaps you but does no damage.
You block the death yak's attack.
You slash the death yak!
The death yak looks as sick as possible!
The death yak is almost dead.
You kill the death yak!
Trog accepts your kill.
You swing at nothing.
The death yak gores you! You block the elephant's attack.
The elephant misses you. You block the death yak's attack.
You swing at nothing.
The death yak gores you but does no damage.
You block the death yak's attack. You block the elephant's attack.
The elephant trunk-slaps you but does no damage.
You swing at nothing.
The elephant misses you. The elephant closely misses you.
You block the death yak's attack. The death yak gores you!
* * * LOW HITPOINT WARNING * * *
You swing at nothing.
You block the death yak's attack. The death yak gores you.
* * * LOW HITPOINT WARNING * * *
The elephant completely misses you.
The elephant trunk-slaps you but does no damage.
You swing at nothing.
You swing at nothing.
The death yak gores you but does no damage.
The death yak gores you!
* * * LOW HITPOINT WARNING * * *
The elephant misses you. The elephant completely misses you.
You swing at nothing.
You block the death yak's attack. The death yak gores you!!
You die...

#........ #.........
###.#...Y..
........Y.
##........
#...#.#..#####
#..#.)P..##Y##
#..........†@#
#....#..###YY##
#..P..#.[.##..###
#......†.###..#.# ..
##.#..P.###..#..##.#
#P................#
#..######.##......#
##. ####.##...## #.
###P.......#


You could see 2 death yaks and an elephant.

Vanquished Creatures
  2 death yaks (Lair:3)
  A two-headed ogre (Orc:2)
  Amaemon (D:8)
  An orc knight (Orc:1)
  Pikel (D:7)
  3 orc sorcerers
  2 cyclopes
  7 elephants
  Joseph (D:7)
  3 black mambas
  Maurice (D:8)
  2 cane toads
  An orange demon (D:8)
  Jeremiah (D:7)
  A rime drake (D:10)
  4 komodo dragons
  A kobold demonologist (D:9)
  6 trolls
  A polar bear (Lair:2)
  2 blink frogs (Lair:2)
  Prince Ribbit (Lair:2)
  A hornet (Lair:2)
  2 centaur simulacra (D:10)
  A wyvern (D:9)
  39 yaks
  A vampire (D:10)
  A basilisk (Lair:1)
  3 wargs
  An acid dragon (D:10)
  9 water moccasins
  35 orc warriors
  8 ice beasts
  A sky beast (D:6)
  2 black bears
  9 ogres
  4 wolves (D:10)
  15 centaurs
  A lemure (D:7)
  A phantom (D:7)
  2 kobold brigands (D:8)
  7 bullfrogs
  A gnoll sergeant (D:9)
  2 scorpions
  9 wights
  9 howler monkeys
  An electric eel (D:10)
  3 gnoll boudas
  9 orc priests
  2 hounds
  3 jellies
  Crazy Yiuf (D:5)
  5 iguanas
  A sleepcap (D:6)
  15 orc wizards
  16 gnolls
  10 adders
  6 white imps (D:10)
  6 ufetubi
  4 worms (D:2)
  4 dart slugs
  56 orcs
  3 ball pythons
  4 endoplasms
  5 giant cockroaches
  3 goblins
  10 hobgoblins
  7 jackals
  3 quokkas
  7 bats
  2 frilled lizards
  17 kobolds
  5 rats
415 creatures vanquished.

Notes
Turn   | Place    | Note
-------+----------+-------------------------------------------
     0 | D:1      | Persephone the Merfolk Berserker began the quest for the
                  | Orb.
     0 | D:1      | Reached XP level 1. HP: 18/18 MP: 1/1
   210 | D:1      | Reached XP level 2. HP: 17/24 MP: 2/2
   532 | D:1      | Reached skill level 5 in Long Blades
   532 | D:1      | Reached XP level 3. HP: 21/29 MP: 3/3
   698 | D:2      | Reached ** piety under Trog
  1026 | D:2      | Reached XP level 4. HP: 30/35 MP: 4/4
  1077 | D:2      | Found a faded altar of an unknown god.
  1617 | D:3      | Reached XP level 5. HP: 37/41 MP: 5/5
  2158 | D:3      | Found a hazy altar of Hepliaklqana.
  2270 | D:3      | Identified a scroll of acquirement
  2270 | D:3      | Acquired a manual of Fighting
  2421 | D:4      | Found a shadowy altar of Dithmenos.
  2443 | D:4      | Reached skill level 4 in Fighting
  2443 | D:4      | Reached XP level 6. HP: 41/48 MP: 6/6
  2653 | D:4      | Found a radiant altar of Vehumet.
  2659 | D:4      | Found a glowing silver altar of Zin.
  2843 | D:4      | Found an ornate altar of the Wu Jian Council.
  2916 | D:4      | Reached *** piety under Trog
  3043 | D:5      | Entered Level 5 of the Dungeon
  3084 | D:5      | Reached skill level 5 in Fighting
  3321 | D:5      | Reached XP level 7. HP: 51/56 MP: 7/7
  3438 | D:5      | Reached skill level 6 in Fighting
  3694 | D:5      | Reached skill level 7 in Fighting
  3701 | D:5      | Reached XP level 8. HP: 21/67 MP: 8/8
  3871 | D:5      | Reached skill level 10 in Long Blades
  4050 | D:5      | Found a runed translucent door.
  4052 | D:5      | Noticed Crazy Yiuf
  4128 | D:5      | Killed Crazy Yiuf
  4436 | D:6      | Reached skill level 8 in Fighting
  4647 | D:6      | Found a white marble altar of Elyvilon.
  4795 | D:6      | Reached skill level 9 in Fighting
  4862 | D:6      | Reached XP level 9. HP: 58/77 MP: 9/9
  5051 | D:7      | Noticed Joseph
  5070 | D:7      | Killed Joseph
  5071 | D:7      | Reached skill level 10 in Fighting
  5677 | D:7      | Noticed Pikel
  5692 | D:7      | Killed Pikel
  5693 | D:7      | Reached skill level 11 in Fighting
  5744 | D:7      | Noticed Jeremiah
  5761 | D:7      | Killed Jeremiah
  5762 | D:7      | Reached skill level 12 in Fighting
  5762 | D:7      | Reached XP level 10. HP: 78/86 MP: 10/10
  5770 | D:7      | Reached **** piety under Trog
  6048 | D:7      | Reached skill level 13 in Fighting
  6384 | D:7      | Found a staircase to the Ecumenical Temple.
  6574 | D:8      | Noticed Amaemon
  6574 | D:8      | Noticed an orange demon
  6583 | D:8      | Killed Amaemon
  6584 | D:8      | Reached skill level 14 in Fighting
  6589 | D:8      | Killed an orange demon
  6888 | D:8      | Reached skill level 15 in Fighting
  6895 | D:8      | Reached skill level 1 in Shields
  7139 | D:8      | Noticed Maurice
  7148 | D:8      | Maurice stole a ring of fire
  7149 | D:8      | Maurice stole 4 boomerangs
  7150 | D:8      | Maurice stole 378 gold
  7153 | D:8      | Killed Maurice
  7154 | D:8      | Reached skill level 5 in Dodging
  7406 | D:8      | Noticed Grum
  7457 | D:8      | Found a shimmering blue altar of Sif Muna.
  8007 | D:9      | Reached XP level 11. HP: 71/104 MP: 11/11
  8199 | D:9      | Reached skill level 16 in Fighting
  8534 | D:9      | Found a sacrificial altar of Ru.
  8536 | D:9      | Found a stormy altar of Qazlal.
  8747 | D:9      | Noticed a sun demon
  9334 | D:10     | Entered Level 10 of the Dungeon
  9644 | D:10     | Found a staircase to the Lair.
  9657 | D:10     | Reached skill level 5 in Shields
  9697 | D:10     | Reached skill level 17 in Fighting
 10289 | D:10     | Found a transporter.
 10386 | D:10     | Reached ***** piety under Trog
 10635 | D:10     | Found a staircase to the Orcish Mines.
 10957 | D:10     | Noticed justen's ghost (novice TrSh)
 11275 | Lair:5   | Identified the "Nell"
 11275 | Orc:1    | Entered Level 1 of the Orcish Mines
 11346 | Orc:1    | Reached XP level 12. HP: 101/116 MP: 12/12
 11583 | Orc:1    | Reached skill level 18 in Fighting
 11614 | Orc:1    | Reached skill level 10 in Dodging
 11759 | Orc:2    | Entered Level 2 of the Orcish Mines
 11827 | Orc:2    | Received a gift from Trog
 12025 | Orc:2    | Noticed a two-headed ogre
 12049 | Orc:2    | Killed a two-headed ogre
 12058 | Orc:2    | Paralysed by an orc sorcerer for 5 turns
 12143 | Orc:2    | Found a runed translucent door.
 12145 | Orc:2    | Found a shimmering altar of Xom.
 12145 | Orc:2    | Noticed LadyBoffin's ghost (journeyman KoHs)
 12169 | Orc:2    | Reached skill level 19 in Fighting
 12601 | Orc:2    | Found a staircase to the Elven Halls.
 12810 | Orc:2    | Found a bloodstained altar of Trog.
 12922 | Orc:2    | Found Igamp's Antique Armour Boutique.
 12922 | Orc:2    | Found Sevebei's Book Shoppe.
 12922 | Orc:2    | Found Fijodom's Distillery.
 12926 | Orc:2    | Found Peppag's Book Shop.
 13029 | Orc:2    | Bought a brightly glowing scale mail for 324 gold pieces
 13029 | Orc:2    | Identified the +6 scale mail of Disappointment {rElec Str-3
                  | SInv} (You bought it in a shop on level 2 of the Orcish
                  | Mines)
 13029 | Orc:2    | Bought a bloodstained helmet for 342 gold pieces
 13029 | Orc:2    | Identified the +2 helmet of the Spheres {Harm rN++ Slay-2
                  | Stlth-} (You bought it in a shop on level 2 of the Orcish
                  | Mines)
 13137 | Lair:1   | Entered Level 1 of the Lair of Beasts
 13381 | Lair:1   | Reached XP level 13. HP: 77/127 MP: 13/13
 13712 | Lair:1   | Reached skill level 20 in Fighting
 14150 | Lair:2   | Found a staircase to the Shoals.
 14344 | Lair:2   | Found a transporter.
 14345 | Lair:2   | Noticed pigah's ghost (journeyman OpSh)
 14478 | Lair:2   | Found a transporter.
 14485 | Lair:2   | Found a bloodstained altar of Trog.
 14945 | Lair:2   | Noticed Prince Ribbit
 14960 | Lair:2   | Killed Prince Ribbit
 15617 | Lair:3   | Reached skill level 10 in Shields
 15649 | Lair:3   | Slain by a death yak

Illustrated notes

Levels and vault maps discovered:
D:1:      elethiomel_arrival_shortcut, layout_rooms, moated_statue
D:2:      layout_loops_ring, shapermc_ecumenical_altar_starsandcircs
D:3:      layout_basic, worldfamousw_hep_ancestral_shrine
D:4:      layout_cave_pools, lemuel_tele_altar,
          nicolae_dithmenos_through_a_glass_darkly, jmf_multi_god_temple,
          chequers_serial_rivers_micro_d, minmay_a_box_with_orc_wizards_in_it
D:5:      layout_gridville, minmay_misc_feat_roman, dreamdust_princess_corridor,
          uniq_crazy_yiuf_cottage
D:6:      minmay_octagon_keep, layout_basic, mainiacjoe_overflow_catwalk
D:7:      layout_cave_pods, minmay_temple_entry_junction, uniq_pikel,
          uniq_joseph, uniq_jeremiah
D:8:      layout_loops_ring, nicolae_overflow_hidden_temple, uniq_grum,
          uniq_maurice, uniq_amaemon
D:9:      layout_layer_cave, grunt_temple_overflow_open
D:10:     layout_long_grid, hellmonk_lair_entry_icy, erik_orc_2,
          gammafunk_ghost_hive, serial_ice, serial_ice_k, serial_ice_d,
          serial_ice_b, serial_ice_c, serial_ice_h, serial_ice_n
Lair:1:   layout_misc_corridors, st_stairs_7, serial_bayou_crossing
Lair:2:   hellmonk_destroyed_diamonds, layout_regular_city,
          elwin_shoals_entry_rocks, gammafunk_ghost_wrathful_warriors,
          chequers_serial_rivers_micro_b, uniq_prince_ribbit2
Lair:3:   layout_loops_ring, nicolae_spider_entry_tight_spaces,
          portal_ice_cave_rime, serial_bayou_shore_a, grunt_megastairs_4
Orc:1:    layout_diamond_mine, mines2_david
Orc:2:    st_orc_rangers, layout_caves, basic_altar, ebering_ghost_xom

Skill      XL: |  1  2  3  4  5  6  7  8  9 10 11 12 13 |
---------------+----------------------------------------+-----
Long Blades    | 4 5 6 7 8 9 11 14 | 14.0
Fighting       | 4 5 7 9 12 15 17 19 20 | 20.8
Dodging        | 5 9 12 13 | 13.3
Shields        | 3 6 8 10 | 10.1
Armour         | |  1.3

Action                     |  1- 3 |  4- 6 |  7- 9 | 10-12 | 13-15 || total
---------------------------+-------+-------+-------+-------+-------++-------
  Melee: Falchion          |   116 |   189 |   321 |   696 |    12 ||  1334
         Punch             |       |     2 |     8 |       |       ||    10
         Tailslap          |       |       |     1 |    13 |       ||    14
         Scimitar          |       |       |       |   151 |       ||   151
         Long sword        |       |       |       |       |   215 ||   215
 Invoke: Berserk           |       |     6 |    11 |    11 |     1 ||    29
         Trog's Hand       |       |       |       |    11 |     1 ||    12
    Use: Scroll            |       |    10 |     3 |     9 |       ||    22
         Potion            |       |       |       |     2 |       ||     2
   Stab: Distracted        |       |       |       |     1 |       ||     1
 Armour: Chain mail        |    16 |       |       |       |       ||    16
         Ring mail         |    48 |    85 |       |       |       ||   133
         Scale mail        |       |    56 |   228 |   261 |    90 ||   635
         Acid dragon scale |       |       |       |   160 |       ||   160
  Dodge: Dodged            |    57 |   148 |   125 |   543 |   138 ||  1011
  Block: Buckler           |       |       |       |    31 |       ||    31
         Kite shield       |       |       |       |   393 |   123 ||   516

Table legend: (Time is in decaauts)
 A = Elapsed time spent in this place.
 B = Non-inter-level travel time spent in this place.
 C = Inter-level travel time spent in this place.
 D = Time resting spent in this place.
 E = Time spent auto-exploring this place.
 F = Levels seen in this place.
 G = Mean time per level.
                   A        B        C        D        E       F      G
               +--------+--------+--------+--------+--------+-----+--------+
         Total |  15475 |  14668 |    807 |    257 |  11383 |  15 | 1031.7 |
       Dungeon |  11448 |  10821 |    627 |    257 |   8551 |  10 | 1144.8 |
          Lair |   2278 |   2175 |    103 |      0 |   1737 |   3 |  759.3 |
  Orcish Mines |   1747 |   1671 |     76 |      0 |   1095 |   2 |  873.5 |
               +--------+--------+--------+--------+--------+-----+--------+

Top non-repeatable levels by time:
    D:10: 2058 daAuts
     D:7: 1723 daAuts
     D:9: 1459 daAuts
  Lair:2: 1346 daAuts
   Orc:2: 1259 daAuts
     D:5: 1236 daAuts
     D:8: 1136 daAuts
     D:2: 834 daAuts
     D:3: 795 daAuts
  Lair:1: 789 daAuts
     D:4: 768 daAuts
     D:6: 744 daAuts
     D:1: 691 daAuts
   Orc:1: 488 daAuts
  Lair:3: 142 daAuts
